AoeStats
← Boar

Arena

510484569Analyzed
4v4 RM · 1d ago on Oct 1, 2026· 33m 11s· 8 players
Game mode
Random Map
Map size
Large (8 player)
Population
200
Speed
Normal
Resources
Standard
Victory
Conquest
Starting age
Dark Age
Ending age
Imperial Age
RankedLock teamsTeams togetherTeam positionsShared explorationLock speedFull tech treeHidden civsTurbo modeCheats
Victory
Defeat
🇨🇳 Spanish · China
1459
+14
🇨🇳 Dravidians · China
1458
+14
🇨🇳 Poles · China
1434
+15
🇨🇳 Turks · China
1382
+17
🇹🇼 Aztecs · Taiwan
1503
-18
🇨🇳 Lithuanians · China
1418
-15
🇺🇸 Tatars · United States
1386
-14
🇹🇼 Malay · Taiwan
1372
-13
bulbmusic5
8:57 Loom
11:08 Feudal Age
15:27 Castle Age
13:19 Horse Collar
13:27 Double-Bit Axe
16:24 Bow Saw
16:18 Heavy Plow
23:23 Wheelbarrow
23:48 Gold Mining
23:48 Stone Mining
24:39 Scale Barding Armor
25:23 Forging
25:56 Husbandry
27:16 Hand Cart
26:43 Light Cavalry
30:56 Bloodlines
31:03 Town Watch
3A King Arthur
11:23 Feudal Age
16:04 Castle Age
14:08 Double-Bit Axe
14:23 Horse Collar
19:56 Bow Saw
22:24 Heavy Plow
25:37 Loom
29:12 Fletching
(3A) Lü Bu king
10:39 Feudal Age
14:47 Castle Age
12:48 Double-Bit Axe
13:15 Horse Collar
15:50 Bow Saw
16:29 Wheelbarrow
18:24 Heavy Plow
18:16 Loom
22:53 Gold Mining
23:58 Hand Cart
29:11 Imperial Age
26:09 Crossbowman
26:41 Fletching
27:36 Bodkin Arrow
28:32 Gold Shaft Mining
28:36 Gold Shaft Mining
27:51 Treadmill Crane
28:48 Ballistics
31:00 Chemistry
30:05 Bracer
29:28 Arbalester
30:30 Elite Skirmisher
32:36 Padded Archer Armor
Boar
10:16 Feudal Age
11:22 Double-Bit Axe
14:32 Castle Age
12:43 Horse Collar
15:57 Bow Saw
17:51 Heavy Plow
18:09 Fervor
21:43 Wheelbarrow
22:15 Stone Mining
23:12 Gold Mining
23:19 Loom
24:56 Stone Shaft Mining
24:49 Scale Barding Armor
24:55 Forging
26:17 Chain Barding Armor
28:39 Imperial Age
26:29 Treadmill Crane
27:01 Fortified Wall
27:14 Husbandry
27:54 Bloodlines
28:31 Iron Casting
30:34 Elite Leitis
31:35 Conscription
32:46 Plate Barding Armor
八个压六
13:16 Feudal Age
17:09 Castle Age
15:28 Double-Bit Axe
15:29 Horse Collar
21:49 Imperial Age
20:43 Padded Archer Armor
22:07 Leather Archer Armor
33:27 Wheelbarrow
楚辞誉
10:14 Feudal Age
14:14 Castle Age
12:06 Double-Bit Axe
12:58 Horse Collar
16:42 Bow Saw
17:41 Loom
20:15 Heavy Plow
21:51 Wheelbarrow
24:45 Stone Mining
25:03 Gold Mining
25:21 Man-at-Arms
26:03 Scale Mail Armor
26:15 Forging
29:13 Imperial Age
26:11 Long Swordsman
26:52 Gambesons
27:08 Squires
27:23 Arson
28:44 Chain Mail Armor
29:05 Iron Casting
29:23 Two-Handed Swordsman
30:36 Plate Mail Armor
30:19 Champion
32:56 Chemistry
33:43 Blast Furnace
33:19 Ballistics
33:36 Thumb Ring
西瓜太牛
10:45 Feudal Age
14:41 Castle Age
13:21 Double-Bit Axe
13:18 Horse Collar
14:10 Gold Mining
15:56 Bow Saw
18:36 Heavy Plow
19:56 Loom
20:49 Szlachta Privileges
22:03 Wheelbarrow
22:02 Husbandry
22:35 Scale Barding Armor
22:42 Bloodlines
25:17 Chain Barding Armor
25:08 Forging
25:55 Hand Cart
30:30 Imperial Age
30:34 Cavalier
31:50 Iron Casting
31:59 Crop Rotation
34:00 Blast Furnace
橙子Cc
10:59 Feudal Age
14:57 Castle Age
13:17 Double-Bit Axe
15:39 Horse Collar
16:52 Heavy Plow
22:32 Wheelbarrow
21:53 Fletching
26:26 Bodkin Arrow
26:36 Husbandry
26:46 Bloodlines
28:15 Gold Mining
31:09 Bow Saw
31:24 Loom
32:07 Scale Barding Armor
36:09 Imperial Age
Connection lost

Rejoining the realm…

Still unreachable

The connection could not be restored.

Session expired

The server has moved on; the page needs a fresh start.